 Dungeon Sprint DCSS version 0.32-a0-33-g74fbe469d6 (webtiles) character file.

Game seed: 16687849524691171200

5200000 PLAYERX the Axe Maniac (level 22, -50/233 HPs)
             Began as a Minotaur Gladiator on Apr 26, 2023.
             Was the Champion of Makhleb.
             Annihilated by The Servant
             ... wielding a +9 glaive of flaming
              (67 damage)
             ... in the Dungeon (Sprint VIII: "Arena of Blood") on Jan 20, 2024.
             The game lasted 00:04:53 (52 turns).

PLAYERX the Axe Maniac (Minotaur Gladiator)           Turns: 52, Time: 00:04:54

Health: -50/233    AC:  6    Str: 28    XL:     22   Next: 49%
Magic:  17/38      EV: 26    Int:  5    God:    Makhleb [******]
Gold:   0          SH:  0    Dex: 14    Spells: 43/43 levels left

rFire   . . .        l - +∞ Axe of Woe
rCold   . . .        (shield currently unavailable)
rNeg    . . .        b - +0 leather armour
rPois   .            c - +0 hat
rElec   .            (no cloak)
rCorr   .            (no gloves)
SInv    .            (no boots)
Will    +....        (no amulet)
Stlth   +++++++++    (no ring)
HPRegen 0.58/turn    (no ring)
MPRegen 0.26/turn

%: no teleportation
@: no status effects
A: horns 2, retaliatory headbutt
a: Renounce Religion, Minor Destruction, Lesser Servant of Makhleb, Major
Destruction, Greater Servant of Makhleb


You were in the Dungeon.
You worshipped Makhleb.
Makhleb was exalted by your worship.
You visited 1 branch

Inventory:

Hand Weapons
 a - a +0 war axe
 l - the +∞ Axe of Woe (weapon)
   (You found it in the Dungeon)
Missiles
 d - 3 throwing nets (quivered)
 e - a javelin
Armour
 b - a +0 leather armour (worn)
 c - a +0 hat (worn)
Scrolls
 k - a scroll of blinking
Potions
 f - a potion of curing
 g - a potion of heal wounds
 h - a potion of haste
 i - 2 potions of magic
 j - a potion of berserk rage


   Skills:
 O Level 27 Fighting
 + Level 16.7(19.0) Short Blades
 + Level 16.3(19.7) Long Blades
 O Level 27 Axes
 + Level 16.3(25.2) Maces & Flails
 + Level 16.3(25.2) Polearms
 + Level 16.3(21.3) Staves
 + Level 15.1 Ranged Weapons
 O Level 27 Throwing
 O Level 27 Armour
 O Level 27 Dodging
 O Level 27 Stealth
 + Level 18.1 Shields
 + Level 16.7 Unarmed Combat
 + Level 11.1 Spellcasting
 + Level 12.1 Conjurations
 + Level 11.1 Hexes
 + Level 12.1 Summonings
 + Level 12.1 Necromancy
 + Level 12.1 Translocations
 + Level 12.1 Fire Magic
 + Level 12.1 Ice Magic
 + Level 12.1 Air Magic
 + Level 13.1 Earth Magic
 + Level 14.4 Alchemy
 O Level 27 Invocations
 + Level 14.2 Evocations
 + Level 12.1 Shapeshifting


You had 43 spell levels left.
You didn't know any spells.
Your spell library was empty.

Dungeon Overview and Level Annotations

Branches:
Dungeon (1/1)

Altars:
Makhleb

Annotations:
D The Servant


Innate Abilities, Weirdness & Mutations

You have a pair of horns on your head.
You reflexively headbutt those who attack you in melee.


Message History

Unknown command.
Unknown command.
The bag of meat shouts!
You carve the destroyer like a ham!!!!
You dissect the destroyer like a pig carcass.
You destroy the destroyer!
Makhleb accepts your kill.
You feel better.
The Servant is engulfed in blazing flames.
The bag of meat is engulfed in blazing flames.
A bag of meat comes into view. It is wielding a +9 war axe.
Your base Long Blades skill increases to level 16!
Your base Maces & Flails skill increases to level 16!
Your base Polearms skill increases to level 16!
Your base Staves skill increases to level 16!
Your Ranged Weapons skill increases to level 15!
Your Shields skill increases to level 18!
Your Spellcasting skill increases to level 11!
Your Conjurations skill increases to level 12!
Your Hexes skill increases to level 11!
Your Summonings skill increases to level 12!
Your Necromancy skill increases to level 12!
Your Translocations skill increases to level 12!
Your Fire Magic skill increases to level 12!
Your Ice Magic skill increases to level 12!
Your Air Magic skill increases to level 12!
Your Earth Magic skill increases to level 13!
Your Evocations skill increases to level 14!
Your Shapeshifting skill increases to level 12!
Unknown command.
The tyrant appears out of thin air!
A tyrant comes into view.
The tyrant shouts!
You hear a shout!
The destroyer is engulfed in blazing flames.
The destroyer hits you with a +9 heavy great sword!!!!!
Ouch! That really hurt!
* * * LOW HITPOINT WARNING * * *
The destroyer bites you but does no damage.
The Servant hits you from afar with a +9 glaive of flaming!!!
You die...

....... .. .....
.. #..o. .# oo
#... ..#
...###.O. ..###.
..oo....###......
#Lozo.O)._.......
#)@V).# #§☼☼)_#
#@)○).#
.....Oo§§......
......o###......
..###z.o ..###. .
#... ..# #... ..#
.§... ..


You could see a tyrant, The Servant, a destroyer, 2 sculptors of flesh, a large
bag of meat (inner flame), 2 meat berserkers and 7 bags of meat.

Vanquished Creatures
  7 vampire knights (D)
  14 ogres (D)
  4 two-headed ogres (D)
  25 orcs (D)
  A skeletal warrior (D)
51 creatures vanquished.

Notes
Turn   | Place    | Note
-------+----------+-------------------------------------------
     0 | D        | Found the +∞ Axe of Woe
     0 | D        | PLAYERX the Minotaur Gladiator began the quest for the Orb.
     0 | D        | Reached XP level 1. HP: 18/18 MP: 0/0
     2 | D        | Noticed a bag of meat
     4 | D        | Became a worshipper of Makhleb the Destroyer
     5 | D        | Noticed a meat berserker
     5 | D        | Noticed a meat berserker
     6 | D        | Noticed a bag of meat
     6 | D        | Noticed a bag of meat
     6 | D        | Noticed a meat berserker
     7 | D        | Noticed a bag of meat
     7 | D        | Noticed a bag of meat
     8 | D        | Noticed a bag of meat
     9 | D        | Noticed a meat berserker
     9 | D        | Noticed a bag of meat
    10 | D        | Killed a meat berserker
    10 | D        | Noticed a bag of meat
    10 | D        | Noticed a meat berserker
    10 | D        | Noticed a bag of meat
    11 | D        | Reached skill level 10 in Throwing
    11 | D        | Reached XP level 2. HP: 41/41 MP: 1/1
    11 | D        | Reached XP level 3. HP: 48/48 MP: 2/2
    11 | D        | Reached XP level 4. HP: 56/56 MP: 3/3
    11 | D        | Reached XP level 5. HP: 62/62 MP: 4/4
    11 | D        | Reached XP level 6. HP: 70/70 MP: 5/5
    11 | D        | Reached XP level 7. HP: 75/75 MP: 6/6
    11 | D        | Reached XP level 8. HP: 83/83 MP: 7/7
    11 | D        | Reached XP level 9. HP: 90/90 MP: 8/8
    11 | D        | Reached XP level 10. HP: 97/97 MP: 9/9
    11 | D        | Reached XP level 11. HP: 104/104 MP: 10/10
    11 | D        | Killed a meat berserker
    11 | D        | Reached * piety under Makhleb
    11 | D        | Killed a bag of meat
    11 | D        | Noticed a bag of meat
    11 | D        | Noticed a bag of meat
    12 | D        | Reached XP level 12. HP: 117/117 MP: 10/18
    12 | D        | Reached XP level 13. HP: 124/124 MP: 10/19
    12 | D        | Killed a meat berserker
    12 | D        | Killed a bag of meat
    12 | D        | Reached ** piety under Makhleb
    12 | D        | Noticed a meat berserker
    13 | D        | Reached skill level 27 in Axes
    13 | D        | Reached XP level 14. HP: 137/137 MP: 10/23
    13 | D        | Killed a meat berserker
    13 | D        | Noticed a meat berserker
    13 | D        | Noticed a bag of meat
    13 | D        | Noticed a bag of meat
    14 | D        | Reached skill level 15 in Throwing
    14 | D        | Reached skill level 27 in Dodging
    14 | D        | Killed a bag of meat
    14 | D        | Killed a bag of meat
    14 | D        | Reached *** piety under Makhleb
    14 | D        | Killed a meat berserker
    14 | D        | Killed a bag of meat
    14 | D        | Noticed a meat berserker
    15 | D        | Reached XP level 15. HP: 139/162 MP: 10/29
    15 | D        | Killed a meat berserker
    15 | D        | Reached **** piety under Makhleb
    16 | D        | Reached XP level 16. HP: 177/177 MP: 10/31
    18 | D        | Reached ***** piety under Makhleb
    19 | D        | Reached skill level 27 in Invocations
    20 | D        | Reached skill level 27 in Fighting
    20 | D        | Killed a meat berserker
    21 | D        | Reached XP level 17. HP: 191/191 MP: 11/33
    21 | D        | Noticed a meat berserker
    22 | D        | Reached skill level 27 in Throwing
    22 | D        | Noticed a destroyer
    23 | D        | Reached skill level 5 in Stealth
    23 | D        | Killed a meat berserker
    24 | D        | Reached skill level 10 in Stealth
    24 | D        | Killed a destroyer
    25 | D        | Reached skill level 27 in Armour
    25 | D        | Reached XP level 18. HP: 171/200 MP: 12/34
    25 | D        | Reached ****** piety under Makhleb
    25 | D        | Noticed a meat berserker
    25 | D        | Noticed a meat berserker
    25 | D        | Noticed a destroyer
    27 | D        | Noticed a large bag of meat
    28 | D        | Killed a meat berserker
    30 | D        | Killed a meat berserker
    30 | D        | Noticed a large bag of meat
    31 | D        | Reached skill level 27 in Stealth
    31 | D        | Reached XP level 19. HP: 207/207 MP: 13/35
    31 | D        | Killed a meat berserker
    31 | D        | Noticed a destroyer
    32 | D        | Reached skill level 5 in Short Blades
    32 | D        | Reached skill level 5 in Long Blades
    32 | D        | Reached skill level 5 in Maces & Flails
    32 | D        | Reached skill level 5 in Polearms
    32 | D        | Reached skill level 5 in Staves
    32 | D        | Reached skill level 5 in Unarmed Combat
    33 | D        | Killed a destroyer
    34 | D        | Reached skill level 5 in Conjurations
    34 | D        | Reached skill level 5 in Summonings
    34 | D        | Reached skill level 5 in Necromancy
    34 | D        | Reached skill level 5 in Translocations
    34 | D        | Reached skill level 5 in Transmutations
    34 | D        | Reached skill level 5 in Fire Magic
    34 | D        | Reached skill level 5 in Ice Magic
    34 | D        | Reached skill level 5 in Air Magic
    34 | D        | Reached skill level 5 in Earth Magic
    34 | D        | Reached skill level 5 in Alchemy
    34 | D        | Noticed a destroyer
    34 | D        | Noticed a large bag of meat
    35 | D        | Killed a destroyer
    35 | D        | Noticed a destroyer
    36 | D        | Reached skill level 5 in Spellcasting
    36 | D        | Reached skill level 5 in Hexes
    36 | D        | Reached XP level 20. HP: 216/216 MP: 14/36
    36 | D        | Killed a large bag of meat
    36 | D        | Noticed a destroyer
    37 | D        | Reached skill level 10 in Shields
    37 | D        | Killed a large bag of meat
    37 | D        | Killed a destroyer
    37 | D        | Noticed a meat berserker
    38 | D        | Reached skill level 10 in Ranged Weapons
    38 | D        | Upgraded the game from 0.30-a0-1160-g6e42c06551 to
                  | 0.32-a0-33-g74fbe469d6
    38 | D        | Noticed The Servant
    39 | D        | Noticed a large bag of meat
    40 | D        | Reached skill level 10 in Evocations
    40 | D        | Killed a meat berserker
    40 | D        | Killed a destroyer
    41 | D        | Reached skill level 10 in Earth Magic
    41 | D        | Reached XP level 21. HP: 224/224 MP: 15/37
    44 | D        | Killed a large bag of meat
    44 | D        | Killed a destroyer
    44 | D        | Noticed a large bag of meat
    45 | D        | Reached skill level 15 in Shields
    45 | D        | Reached skill level 10 in Conjurations
    45 | D        | Reached skill level 10 in Summonings
    45 | D        | Reached skill level 10 in Necromancy
    45 | D        | Reached skill level 10 in Translocations
    45 | D        | Reached skill level 10 in Fire Magic
    45 | D        | Reached skill level 10 in Ice Magic
    45 | D        | Reached skill level 10 in Air Magic
    45 | D        | Reached skill level 10 in Shapeshifting
    45 | D        | Noticed a destroyer
    47 | D        | Killed a large bag of meat
    48 | D        | Reached skill level 15 in Short Blades
    48 | D        | Reached skill level 15 in Unarmed Combat
    48 | D        | Reached skill level 10 in Spellcasting
    48 | D        | Reached skill level 10 in Hexes
    49 | D        | Reached skill level 15 in Long Blades
    49 | D        | Reached skill level 15 in Maces & Flails
    49 | D        | Reached skill level 15 in Polearms
    49 | D        | Reached skill level 15 in Staves
    49 | D        | Reached XP level 22. HP: 220/233 MP: 16/38
    49 | D        | Noticed a destroyer
    51 | D        | Killed a destroyer
    52 | D        | Reached skill level 15 in Ranged Weapons
    52 | D        | Noticed a tyrant
    52 | D        | Annihilated by The Servant

Illustrated notes

Levels and vault maps discovered:
D:        meatsprint

Skill      XL: |  1  2  3  4  5  6  7  8  9 10 11 12 13 14 15 16 17 18 19 20 21 22 |
---------------+-------------------------------------------------------------------+-----
Fighting       | 11 14 16 22 24 27 | 27.0
Axes           | 22 26 27 | 27.0
Throwing       | 10 12 13 17 19 26 27 | 27.0
Dodging        | 20 23 26 27 | 27.0
Invocations    | 9 14 23 25 27 | 27.0
Armour         | 6 7 13 27 | 27.0
Stealth        | 14 27 | 27.0
Short Blades   | 9 13 15 16 | 16.7
Long Blades    | 8 13 15 16 | 16.3
Maces & Flails | 8 13 15 16 | 16.3
Polearms       | 8 13 15 16 | 16.3
Staves         | 8 13 15 16 | 16.3
Ranged Weapons | 8 12 14 15 | 15.1
Shields        | 9 14 17 18 | 18.1
Unarmed Combat | 9 13 15 16 | 16.7
Spellcasting   | 5 8 10 11 | 11.1
Conjurations   | 6 9 11 12 | 12.1
Hexes          | 5 8 10 11 | 11.1
Summonings     | 6 9 11 12 | 12.1
Necromancy     | 6 9 11 12 | 12.1
Translocations | 6 9 11 12 | 12.1
Transmutations | 6 9 |  0.0
Fire Magic     | 6 9 11 12 | 12.1
Ice Magic      | 6 9 11 12 | 12.1
Air Magic      | 6 9 11 12 | 12.1
Earth Magic    | 6 10 12 13 | 13.1
Alchemy        | 6 12 13 14 | 14.4
Evocations     | 7 11 13 14 | 14.2
Shapeshifting  | 9 11 12 | 12.1

Action                     |  1- 3 |  4- 6 |  7- 9 | 10-12 | 13-15 | 16-18 | 19-21 | 22-24 || total
---------------------------+-------+-------+-------+-------+-------+-------+-------+-------++-------
  Melee: Executioner's axe |     1 |       |       |     1 |     4 |    12 |    12 |     2 ||    32
 Armour: Leather armour    |       |       |       |       |       |       |     6 |     3 ||     9

Table legend: (Time is in decaauts)
 A = Elapsed time spent in this place.
 B = Non-inter-level travel time spent in this place.
 C = Inter-level travel time spent in this place.
 D = Time resting spent in this place.
 E = Time spent auto-exploring this place.
 F = Levels seen in this place.
 G = Mean time per level.
                   A        B        C        D        E       F      G
               +--------+--------+--------+--------+--------+-----+--------+
         Total |     43 |     43 |      0 |      0 |      0 |   1 |   43.0 |
       Dungeon |     43 |     43 |      0 |      0 |      0 |   1 |   43.0 |
               +--------+--------+--------+--------+--------+-----+--------+

Top non-repeatable levels by time:
       D: 43 daAuts
